 Dungeon Crawl Stone Soup version 0.28.0-45-g0d030f2227 (webtiles) character file.

Game seed: 15800000293950820594

93 DasRunzen the Ducker (level 4, 0/33 HPs)
             Began as a Djinni Fire Elementalist on Mar 31, 2022.
             Slain by a gnoll
             ... wielding a +0 spear
              (9 damage)
             ... on level 1 of the Dungeon.
             The game lasted 00:02:18 (2759 turns).

DasRunzen the Ducker (Djinni Fire Elementalist)     Turns: 2759, Time: 00:02:20

Health: 0/33       AC:  2    Str:  7    XL:     4   Next: 91%
Gold:   62         EV: 13    Int: 19    God:
                   SH:  0    Dex: 13

rFire   + + .      SeeInvis .   f - +1 dagger (elec)
rCold   x . .      Faith    .   (no shield)
rNeg    . . .      Spirit   .   a - +0 robe
rPois   ∞          Reflect  .   (no helmet)
rElec   .          Harm     .   (no cloak)
rCorr   .          Rampage  .   (no gloves)
Will    .....                   (boots unavailable)
Stlth   ++........              (no amulet)
HPRegen 0.11/turn               (no ring)
MPRegen 0.00/turn               (no ring)

@: flying
A: sickness immunity, fire resistance 2, cold vulnerability 1, float, innate
caster, HP casting, extra vitality 1
a: no special abilities


You were on level 1 of the Dungeon.
You visited 1 branch of the dungeon, and saw 2 of its levels.

You collected 62 gold pieces.

Inventory:

Hand Weapons
 f - a +1 dagger of electrocution (weapon)
Armour
 a - a +0 robe (worn)
Scrolls
 i - a scroll of identify
Potions
 b - 2 potions of curing
 c - a potion of heal wounds {unknown}
 d - a potion of flight {unknown}
 e - a potion of degeneration {unknown}
 g - 2 potions of resistance {unknown}
 h - a potion of lignification {unknown}


   Skills:
 + Level 1.7 Fighting
 + Level 1.8 Armour
 + Level 3.1 Dodging
 - Level 1.5 Stealth
 + Level 2.9 Spellcasting


You couldn't memorise any spells.
You knew the following spells:

 Your Spells              Type           Power      Damage    Failure   Level
a - Foxfire               Conj/Fire      52%        2x1d6     4%          1
b - Scorch                Fire           26%        2d6       7%          2
c - Conjure Flame         Conj/Fire      13%        6-21      14%         3
d - Inner Flame           Hex/Fire       13%        N/A       14%         3
e - Flame Wave            Conj/Fire      13%        2d6       41%         4
f - Shock                 Conj/Air       52%        1d6       4%          1
Your spell library was empty.

Dungeon Overview and Level Annotations

Branches:
Dungeon (2/15)

Altars:


Innate Abilities, Weirdness & Mutations

You are immune to sickness and miasma.
You are immune to poison.
Your flesh is very heat resistant. (rF++)
You are vulnerable to cold. (rC-)
You float through the air rather than walking.
You learn spells naturally, not from books.
Your magical power is your life essence.
You have superior vitality. (+4 MHP)


Message History

The rat is severely wounded.
Your foxfire dissipates!
A rat is nearby!
The foxfire hits the rat.
You kill the rat!
You conjure some foxfire!
Your foxfire dissipates!
Your foxfire dissipates!
Your foxfire dissipates! x2
Your foxfire dissipates!
You see here a worm corpse. 2 gnolls come into view.
The gnoll shouts!
You hear a shout!
You conjure some foxfire!
The gnoll shouts!
You conjure some foxfire!
The foxfire hits the gnoll but does no damage.
The gnoll hits you from afar with a +0 spear!
A gnoll comes into view.
It is wielding a +0 whip of electrocution.
A gnoll comes into view. It is wielding a +0 spear.
Unknown command.
Your foxfire dissipates!
The foxfire hits the gnoll but does no damage.
The foxfire hits the gnoll.
The gnoll is moderately wounded.
The gnoll hits you from afar with a +0 spear.
The gnoll hits you from afar with a +0 spear.
There is a stone staircase leading up here.
There is a stone staircase leading up here.
The gnoll hits you with a +0 spear.
You fly upwards.
There is a stone staircase leading down here.
Casting: Foxfire (safe; 4% risk of failure)
Confirm with . or Enter, or press ? or * to list all spells.
Flames lash the gnoll.
The gnoll is almost dead.
The gnoll's fire resistance burns away.
* * * LOW HITPOINT WARNING * * *
The gnoll hits you with a +0 spear!
You die...

#..#
##################..#
#...................###
#.################.†#..
#.# #..............#..
#.# #.###########..#..
#.# #.# #######..... #.#
#.#####........##. #.#
#@g.............§. #.#
#.#####........##.
########.####.##
#...........
#..............#
#........##.
#############..#
########.##.
#######..###########.##.
#........(.........§....
#######.......######.##.
#.......# #.##.


You could see a gnoll (combustible).

Vanquished Creatures
  A hound (D:2)
  2 adders (D:2)
  A worm (D:2)
  A dart slug (D:1)
  2 bats (D:1)
  4 endoplasms
  3 giant cockroaches
  5 hobgoblins
  3 jackals (D:2)
  3 quokkas (D:2)
  4 frilled lizards
  6 kobolds
  3 rats
38 creatures vanquished.

Vanquished Creatures (others)
  168 foxfires
168 creatures vanquished.

Grand Total: 206 creatures vanquished

Notes
Turn   | Place    | Note
-------+----------+-------------------------------------------
     0 | D:1      | DasRunzen the Djinni Fire Elementalist began the quest for
                  | the Orb.
     0 | D:1      | Reached XP level 1. HP: 15/15 MP: 0/0
   612 | D:1      | Reached XP level 2. HP: 19/22 MP: 0/0
  1234 | D:1      | Reached skill level 1 in Armour
  1683 | D:2      | Reached skill level 1 in Fighting
  1683 | D:2      | Reached XP level 3. HP: 24/27 MP: 0/0
  1683 | D:2      | Learned a level 1 spell: Shock
  2085 | D:2      | Reached XP level 4. HP: 23/32 MP: 0/0
  2288 | D:2      | Reached skill level 3 in Dodging
  2598 | D:2      | Found a faded altar of an unknown god.
  2759 | D:1      | Slain by a gnoll

Illustrated notes

Levels and vault maps discovered:
D:1:      dpeg_arrival_shelter, layout_basic
D:2:      layout_loops_ring, ebering_ecumenical_altar_sacrificial

Skill      XL: |  1  2  3  4 |
---------------+-------------+-----
Armour         | 1 |  1.8
Fighting       | 1 |  1.7
Dodging        | 3 |  3.1
Stealth        | |  1.5
Spellcasting   | |  2.9

Action                   |  1- 3 |  4- 6 || total
-------------------------+-------+-------++-------
Melee: Dagger            |     4 |       ||     4
 Cast: Foxfire           |    80 |    33 ||   113
       Scorch            |     2 |     3 ||     5
  Use: Scroll            |     2 |       ||     2
Armor: Robe              |     3 |     1 ||     4
Dodge: Dodged            |     6 |     2 ||     8
